 Dungeon Crawl Stone Soup version 0.32-a0-960-g3814254bd7 (webtiles) character file.

Game seed: 17253697558664781588

1152 Maxmaps the Basher (level 8, 0/75 (78) HPs)
             Began as an Oni Monk on Apr 17, 2024.
             Slain by a gnoll bouda
             ... wielding a +0 whip of electrocution
              (16 damage)
             ... on level 6 of the Dungeon.
             The game lasted 00:06:11 (5059 turns).

Maxmaps the Basher (Oni Monk)                       Turns: 5059, Time: 00:06:13

HP:   0/75 (78)     AC:  5    Str: 16    XL:     8   Next: 38%
MP:   8/8           EV:  9    Int: 13    God:
Gold: 288           SH:  0    Dex: 11    Spells: 7/7 levels left

rFire   . . .        y - +0 whip (venom)
rCold   . . .        d - orb {light}
rNeg    . . .        b - +0 robe
rPois   .            (helmet restricted)
rElec   .            c - +1 cloak
rCorr   .            (gloves unavailable)
SInv    .            (boots unavailable)
Will    .....        (no amulet)
Stlth   +            i - ring of flight
HPRegen 0.32/turn    n - ring of wizardry
MPRegen 0.11/turn

%: wizardry (x1)
@: weakened, flying, glowing, lightly drained
A: large, unfitting armour, horns 1, tough skin 1, double potion healing,
drunken brawling
a: no special abilities


You were on level 6 of the Dungeon.
You visited 2 branches of the dungeon, and saw 7 of its levels.

You collected 288 gold pieces.

Inventory:

Hand Weapons
 a - a +0 giant spiked club
 y - a +0 whip of venom (weapon)
Armour
 b - a +0 robe (worn)
 c - a +1 cloak (worn)
 d - an orb of light (worn)
Jewellery
 i - a ring of flight (left hand)
 n - a ring of wizardry (right hand)
 u - a ring of ice
Wands
 f - a wand of mindburst (12)
 m - a wand of polymorph (2)
 o - a wand of charming (4)
Scrolls
 e - a scroll of revelation {unknown}
 h - a scroll of silence {unknown}
 j - 3 scrolls of vulnerability {unknown}
 k - 2 scrolls of immolation {unknown}
 l - a scroll of enchant weapon {unknown}
 p - 2 scrolls of blinking {unknown}
 q - 7 scrolls of identify {unknown}
 r - 2 scrolls of enchant armour {unknown}
 t - 2 scrolls of fog {unknown}
 v - 3 scrolls of teleportation {unknown}


   Skills:
 - Level 4.0 Fighting
 + Level 10.2 Maces & Flails
 - Level 2.6 Dodging


You had 7 spell levels left.
You didn't know any spells.
Your spell library contained the following spells:

 Spells                   Type           Power      Damage    Failure   Level
 Blink                    Tloc           0%         N/A       19%         2
 Lesser Beckoning         Tloc           0%         N/A       19%         2
 Momentum Strike          Conj/Tloc      0%         3d8       19%         2
 Dazzling Flash           Conj/Hex       0%         N/A       34%         3
 Mephitic Cloud           Conj/Alch/Air  0%         N/A       34%         3
 Silence                  Hex/Air        0%         N/A       96%         5


Dungeon Overview and Level Annotations

Branches:
Dungeon (6/15)             Temple (1/1) D:4

Altars:
Cheibriados
Dithmenos
Elyvilon
Fedhas
Gozag
Kikubaaqudgha
Nemelex Xobeh
Okawaru
Qazlal
Sif Muna
Trog
Uskayaw
Zin

Shops:
D:4 :

Annotations:
Temple 2 transporters


Innate Abilities, Weirdness & Mutations

You are too large for most types of armour.
You have a pair of small horns on your head.
You have tough skin. (AC +1)
You gain doubled healing and magic from potions.
Whenever you drink a healing potion, you attack all around you.


Message History

* * * LOW HITPOINT WARNING * * *
The gnoll bouda barely misses you.
Things that are here:
a +0 spear; a gnoll corpse Unknown command.
Unknown command.
The gnoll hits you but does no damage.
Items here: )) [ ††.
Unknown command.
You completely miss the gnoll. You barely miss the gnoll.
Your headbutt misses the gnoll. The gnoll hits you with a +0 club.
* * * LOW HITPOINT WARNING * * *
You hit the gnoll but do no damage.
The gnoll is poisoned.
The gnoll bouda gazes fiercely through you!
You feel your attacks grow feeble. The gnoll hits you with a +0 club.
* * * LOW HITPOINT WARNING * * *
Unknown command.
You aren't carrying any potions.
Unknown command.
You aren't carrying any potions.
You hit the gnoll.
The gnoll is heavily wounded.
You hit the gnoll but do no damage.
The gnoll looks even sicker.
You headbutt the gnoll.
The gnoll is severely wounded.
You kill the gnoll!
Aiming: Mindburst
Press: ? - help, Shift-Dir - straight line, f - gnoll bouda
Aim: a gnoll bouda, wielding a +0 whip of electrocution and wearing a +0 robe (haloed, chance to affect: 64%)
The gnoll bouda's mind is blasted!
Unknown command.
You hit the gnoll bouda.
You headbutt the gnoll bouda, but do no damage.
The gnoll bouda is severely wounded.
The gnoll bouda hits you with a +0 whip of electrocution.
* * * LOW HITPOINT WARNING * * *
You are electrocuted!
You die...

#
#........................
#...............[........
#........................
#.............###........
................#
#........
####............#
#........
##########'#####........
##########.............
........@g............
###########.......
....... ....... .......
....... .......


You could see a gnoll bouda.

Vanquished Creatures
  Edmund (D:6)
  A black bear (D:6)
  An ogre (D:4)
  A phantom (D:6)
  2 scorpions
  3 wights (D:6)
  2 bombardier beetles (D:5)
  A jelly (D:5)
  A sleepcap (D:6)
  Jessica (D:2)
  2 iguanas
  Crazy Yiuf (D:2)
  4 orc wizards (D:5)
  Robin (D:2)
  4 gnolls (D:6)
  4 adders
  5 dart slugs
  3 ribbon worms
  16 orcs
  4 endoplasms
  A giant cockroach (D:2)
  14 goblins
  8 hobgoblins
  2 jackals (D:2)
  3 kobolds
  3 quokkas
  9 ball pythons
  6 bats
  A frilled lizard (D:2)
  5 rats
110 creatures vanquished.

Notes
Turn   | Place    | Note
-------+----------+-------------------------------------------
     0 | D:1      | Maxmaps the Oni Monk began the quest for the Orb.
     0 | D:1      | Reached XP level 1. HP: 24/24 MP: 1/1
   218 | D:1      | Reached XP level 2. HP: 32/32 MP: 2/2
   578 | D:2      | Found a bloodstained altar of Trog.
   600 | D:2      | Found a faded altar of an unknown god.
   609 | D:2      | Reached skill level 4 in Maces & Flails
   609 | D:2      | Reached XP level 3. HP: 37/39 MP: 3/3
   727 | D:2      | Noticed Jessica
   734 | D:2      | Killed Jessica
   735 | D:2      | Reached XP level 4. HP: 48/48 MP: 4/4
   796 | D:2      | Found a runed translucent door.
   797 | D:2      | Noticed Crazy Yiuf
   851 | D:2      | Reached skill level 5 in Maces & Flails
   921 | D:2      | Killed Crazy Yiuf
  1171 | D:2      | Noticed Robin
  1187 | D:2      | Reached XP level 5. HP: 35/54 MP: 5/5
  1196 | D:2      | Killed Robin
  1555 | D:3      | Reached skill level 6 in Maces & Flails
  2090 | D:3      | Reached XP level 6. HP: 57/62 MP: 6/6
  2347 | D:4      | Found a stormy altar of Qazlal.
  2356 | D:4      | Reached skill level 7 in Maces & Flails
  2643 | D:4      | Found Xybept's Vocational Training.
  2704 | D:4      | Found a staircase to the Ecumenical Temple.
  2772 | Temple   | Found a transporter.
  2772 | Temple   | Found a transporter.
  2772 | Temple   | Found a transporter.
  2772 | Temple   | Found a transporter.
  2772 | Temple   | Entered the Ecumenical Temple
  2891 | D:5      | Entered Level 5 of the Dungeon
  2997 | D:5      | Reached XP level 7. HP: 54/70 MP: 7/7
  3167 | D:5      | Found a blossoming altar of Fedhas.
  3168 | D:5      | Found an ancient bone altar of Kikubaaqudgha.
  3427 | D:5      | Found a shadowy altar of Dithmenos.
  3465 | D:5      | Found a hide-covered altar of Uskayaw.
  3496 | D:5      | Found a snail-covered altar of Cheibriados.
  3505 | D:5      | Reached skill level 8 in Maces & Flails
  4659 | D:6      | Reached skill level 9 in Maces & Flails
  4679 | D:6      | Reached XP level 8. HP: 36/77 MP: 8/8
  5004 | D:6      | Noticed Edmund
  5029 | D:6      | Killed Edmund
  5030 | D:6      | Reached skill level 10 in Maces & Flails
  5059 | D:6      | Slain by a gnoll bouda

Illustrated notes

Levels and vault maps discovered:
D:1:      lightli_arrival_maybe_door_vault, layout_rooms
D:2:      layout_loops_ring, nicolae_ecumenical_snake_handling, basic_altar,
          grunt_ministairs_2, kennysheep_cluttered_room,
          chequers_serial_rivers_micro_b, minmay_fractal_squares_5,
          uniq_jessica, uniq_robin, uniq_crazy_yiuf_cottage
D:3:      layout_loops_ring
D:4:      minmay_spotlight, layout_gridville, mainiacjoe_overflow_brackets,
          minmay_temple_entry_offerings, chequers_serial_rivers_small_a,
          nicolae_shop_vocational
D:5:      layout_basic, grunt_temple_overflow_growth_and_decay, slow_altar_1,
          mainiacjoe_overflow_catwalk_spiral, palyth_stone_intersect
D:6:      layout_basic, mainiacjoe_overflow_catwalk, uniq_eustachio, uniq_edmund
Temple:   hellmonk_temple_divided_pantheon

Skill      XL: |  1  2  3  4  5  6  7  8 |
---------------+-------------------------+-----
Maces & Flails | 4 5 6 7 9 10 | 10.2
Fighting       | |  4.0
Dodging        | |  2.6

Action                     |  1- 3 |  4- 6 |  7- 9 || total
---------------------------+-------+-------+-------++-------
  Melee: Mace              |    52 |   120 |       ||   172
         Headbutt          |     6 |    58 |    50 ||   114
         Whip              |       |    54 |   182 ||   236
  Throw: Throwing net      |       |       |     1 ||     1
  Evoke: Wand              |       |       |     1 ||     1
    Use: Potion            |       |     5 |     7 ||    12
   Stab: Held in net/web   |       |       |     1 ||     1
 Armour: Robe              |    35 |   123 |    89 ||   247
         Skin              |       |     2 |    21 ||    23
  Dodge: Dodged            |    33 |    91 |    46 ||   170

Table legend: (Time is in decaauts)
 A = Elapsed time spent in this place.
 B = Non-inter-level travel time spent in this place.
 C = Inter-level travel time spent in this place.
 D = Time resting spent in this place.
 E = Time spent auto-exploring this place.
 F = Levels seen in this place.
 G = Mean time per level.
                   A        B        C        D        E       F      G
               +--------+--------+--------+--------+--------+-----+--------+
         Total |   5001 |   4802 |    199 |    825 |   3199 |   7 |  714.4 |
       Dungeon |   4977 |   4800 |    177 |    825 |   3199 |   6 |  829.5 |
        Temple |     23 |      1 |     22 |      0 |      0 |   1 |   23.0 |
               +--------+--------+--------+--------+--------+-----+--------+

Top non-repeatable levels by time:
     D:5: 1414 daAuts
     D:2: 1064 daAuts
     D:3: 829 daAuts
     D:6: 615 daAuts
     D:4: 577 daAuts
     D:1: 475 daAuts
  Temple: 23 daAuts
